 Dungeon Crawl Stone Soup version 0.28.0-53-g5a82cb258f (webtiles) character file.

Game seed: 149518086605281119

653 Melanol the Summoner (level 7, 27/46 HPs)
             Began as a Barachi Summoner on July 14, 2022.
             Was a Follower of Makhleb.
             Quit the game on level 5 of the Dungeon.
             The game lasted 00:40:28 (5024 turns).

Melanol the Summoner (Barachi Summoner)             Turns: 5024, Time: 00:40:28

Health: 27/46      AC:  3    Str:  9    XL:     7   Next: 54%
Magic:  9/14       EV: 12    Int: 17    God:    Makhleb [*.....]
Gold:   161        SH:  0    Dex: 13    Spells: 7/16 levels left

rFire   . . .      SeeInvis .   u - +0 hand axe
rCold   . . .      Faith    .   (no shield)
rNeg    . . .      Spirit   .   a - +0 robe
rPois   .          Reflect  .   (no helmet)
rElec   .          Harm     .   x - scarf {+Inv}
rCorr   .          Rampage  .   (no gloves)
Will    .....                   D - +0 pair of boots
Stlth   ++........              (no amulet)
HPRegen 0.15/turn               (no ring)
MPRegen 0.14/turn               (no ring)

@: slow
A: amphibious, slowness 1, strong legs 1, +LOS
a: Hop, Renounce Religion, Evoke Invisibility


You were on level 5 of the Dungeon.
You worshipped Makhleb.
Makhleb was aware of your devotion.
You visited 1 branch of the dungeon, and saw 5 of its levels.

You collected 272 gold pieces.
You spent 111 gold pieces at shops.

Inventory:

Hand Weapons
 g - a +0 dagger
 j - a +0 arbalest
 m - a +0 club
 o - a +0 dagger
 r - a +0 scythe
 u - a +0 hand axe (weapon)
Missiles
 e - 5 poisoned darts (quivered)
 k - 75 arrows
 l - 3 curare-tipped darts
 t - 57 stones
Armour
 a - a +0 robe (worn)
 h - a +0 ring mail
 i - a +0 robe
 q - a +0 ring mail
 x - a scarf of invisibility (worn)
 D - a +0 pair of boots (worn)
Magical Staves
 A - a staff of death
Jewellery
 G - a ring of ice
Wands
 H - a wand of paralysis (13)
Scrolls
 d - 2 scrolls of fear
 f - 3 scrolls of magic mapping
 n - a scroll of silence
 w - 3 scrolls of teleportation
 y - 2 scrolls of blinking
 E - a scroll of enchant armour {unknown}
 F - a scroll of fog {unknown}
Potions
 b - a potion of attraction
 c - 2 potions of flight
 p - a potion of lignification {unknown}
 s - a potion of degeneration {unknown}
 v - a potion of cancellation {unknown}
 z - 2 potions of curing
 B - a potion of brilliance {unknown}
 C - a potion of ambrosia {unknown}
 I - a potion of heal wounds {unknown}


   Skills:
 - Level 2.1 Dodging
 - Level 2.2 Stealth
 - Level 5.1 Spellcasting
 + Level 9.0 Summonings


You had 7 spell levels left.
You knew the following spells:

 Your Spells              Type           Power      Damage    Failure   Level
a - Summon Small Mammal   Summ           100%       N/A       1%          1
b - Call Imp              Summ           34%        N/A       1%          2
c - Call Canine Familiar  Summ           34%        N/A       1%          3
d - Summon Guardian Gole  Hex/Summ       19%        N/A       7%          3

Your spell library contained the following spells:

 Spells                   Type           Power      Damage    Failure   Level
 Summon Lightning Spire   Summ/Air       19%        N/A       22%         4


Dungeon Overview and Level Annotations

Branches:
Dungeon (5/15)
 Temple: D:4-7

Altars:
Cheibriados
Makhleb
Trog
Uskayaw
Vehumet

Shops:
D:2 *   D:4 *=[


Innate Abilities, Weirdness & Mutations

You are amphibious.
You cover ground slowly.
You can hop short distances.
You have an extended range of vision and can be seen from far away.


Message History

Your quokka disappears in a puff of smoke!
You swap places.
You see here a +0 leather armour.
You swap places.
t - 57 stones (gained 21)
You swap places.
Your wolf disappears in a puff of smoke!
An orc priest and 3 orcs come into view.
The orc shouts!
The orc priest shouts!
The orc priest calls down the wrath of Beogh upon you.
Beogh smites you!
The orc shouts!
Casting: Summon Small Mammal (safe; 1% risk of failure)
Confirm with . or Enter, or press ? or * to list all spells.
The orc priest invokes the aid of Beogh against you.
Beogh smites you!
Casting: Summon Small Mammal (safe; 1% risk of failure)
Confirm with . or Enter, or press ? or * to list all spells.
You swap places.
Your quokka bites the orc.
The orc hits your quokka with a +0 flail.
Your rat misses the orc.
Casting: Summon Small Mammal (safe; 1% risk of failure)
Confirm with . or Enter, or press ? or * to list all spells.
Your quokka closely misses the orc.
The orc hits your rat with a +0 whip.
Your rat dies!
Your rat's corpse disappears in a puff of smoke!
The orc barely misses your quokka.
Casting: Call Canine Familiar (safe; 1% risk of failure)
Confirm with . or Enter, or press ? or * to list all spells.
Your quokka bites the orc.
The orc dies!
Makhleb accepts your kill.
Your quokka barely misses the orc.
You swap places.
Your hound bites the orc.
The orc hits your hound with a +0 whip!
Your quokka bites the orc.
The orc dies!
Makhleb accepts your kill.
Your Summonings skill increases to level 9!
Unknown command.
Are you sure you want to abandon this character and quit the game? (Confirm with "yes".)

.. .. ##.. .# ###########... .#
#####.<....)....# .#
...o..ooorr<....# .# #h.......##
.#### ##........#### ....######
##.@..P...PP..# .........##
#.....P.≈≈.P..###### ..........#
##.......≈≈≈P..##....
<.........###...P...≈≈≈≈.........
..........##....≈≈♣≈≈≈≈≈≈P..####.
..........##.....≈≈≈≈≈≈≈≈≈..# #.
..................≈≈≈≈≈≈≈≈P.# #.
.............#...P≈≈≈≈≈≈≈♣..# #.
............##...P.≈≈≈≈≈≈...# #.


You could see an orc priest, an orc (ally target), a friendly hound (summoned)
and 2 friendly quokkas.

Vanquished Creatures
  Sigmund (D:3)
  A black bear (D:5)
  A hound skeleton (D:5)
  2 adders
  2 dart slugs
  3 endoplasms (D:2)
  2 quokkas
  3 rats
15 creatures vanquished.

Vanquished Creatures (collateral kills)
  A necrophage (D:5)
  A howler monkey (D:4)
  3 hounds (D:5)
  An orc wizard (D:5)
  6 adders
  An ufetubus (D:5)
  A worm (D:2)
  3 dart slugs
  6 orcs
  9 endoplasms
  3 giant cockroaches
  5 goblins
  5 hobgoblins
  4 jackals (D:1)
  4 kobolds
  3 quokkas
  7 ball pythons
  A frilled lizard (D:3)
  4 rats
68 creatures vanquished.

Vanquished Creatures (others)
  4 plants (D:5)
4 creatures vanquished.

Grand Total: 87 creatures vanquished

Notes
Turn   | Place    | Note
-------+----------+-------------------------------------------
     0 | D:1      | Melanol the Barachi Summoner began the quest for the Orb.
     0 | D:1      | Reached XP level 1. HP: 13/13 MP: 3/3
   128 | D:1      | Reached skill level 5 in Summonings
   310 | D:1      | Reached XP level 2. HP: 19/19 MP: 1/5
   313 | D:1      | Learned a level 2 spell: Call Imp
   975 | D:1      | Reached XP level 3. HP: 24/24 MP: 4/6
  1054 | D:2      | Found Qototil's General Store.
  1075 | D:2      | Bought a scroll of identify for 22 gold pieces
  1722 | D:2      | Reached XP level 4. HP: 27/30 MP: 5/8
  2186 | D:2      | Found a faded altar of an unknown god.
  2201 | D:2      | Prayed at the altar of an unknown god.
  2201 | D:2      | Became a worshipper of Makhleb the Destroyer
  2201 | D:2      | Reached * piety under Makhleb
  2271 | D:2      | Learned a level 3 spell: Call Canine Familiar
  2288 | D:3      | Noticed Sigmund
  2314 | D:3      | Killed Sigmund
  2315 | D:3      | Reached skill level 7 in Summonings
  2315 | D:3      | Reached XP level 5. HP: 12/35 MP: 4/9
  2797 | D:3      | Found a radiant altar of Vehumet.
  2869 | D:3      | Reached XP level 6. HP: 37/41 MP: 5/10
  2885 | D:3      | Found a bloodstained altar of Trog.
  2926 | D:3      | Found a hide-covered altar of Uskayaw.
  3019 | D:3      | Reached skill level 8 in Summonings
  3455 | D:4      | Found Esing's Jewellery Boutique.
  3499 | D:4      | Found Hoho's General Store.
  3559 | D:4      | Found Qoorphuse's Armour Shoppe.
  3562 | D:4      | Bought a +0 pair of boots for 49 gold pieces
  3648 | D:4      | Bought a scroll of identify for 20 gold pieces
  3648 | D:4      | Bought a scroll of identify for 20 gold pieces
  3924 | D:5      | Entered Level 5 of the Dungeon
  3942 | D:5      | Noticed a black bear
  3959 | D:5      | Killed a black bear
  3965 | D:5      | Reached XP level 7. HP: 31/46 MP: 0/14
  4261 | D:5      | Reached skill level 5 in Spellcasting
  4265 | D:5      | Learned a level 3 spell: Summon Guardian Golem
  4666 | D:5      | Found a snail-covered altar of Cheibriados.
  5024 | D:5      | Reached skill level 9 in Summonings
  5024 | D:5      | Quit the game

Illustrated notes

Levels and vault maps discovered:
D:1:      scummos_arrival_star, layout_basic
D:2:      layout_loops_cross, serial_shops, nicolae_shop_waterfront,
          ebering_ecumenical_altar_abandoned
D:3:      layout_loops_ring, lemuel_crystal_altar, jmf_multi_god_temple,
          uniq_sigmund
D:4:      layout_rooms, serial_shops, nicolae_shop_statue_plus, shop,
          nicolae_shop_behind_doors
D:5:      layout_layer_cave, mainiacjoe_overflow_alcove_4,
          minmay_misc_feat_room, guppyfry_early_lair_pool

Skill      XL: |  1  2  3  4  5  6  7 |
---------------+----------------------+-----
Summonings     | 5 7 8 9 |  9.0
Stealth        | 2 |  2.2
Spellcasting   | 3 4 5 |  5.1
Dodging        | |  2.1

Action                   |  1- 3 |  4- 6 |  7- 9 || total
-------------------------+-------+-------+-------++-------
Melee: Unarmed           |     6 |       |       ||     6
       Dagger            |    31 |       |       ||    31
       Punch             |     1 |       |       ||     1
       Club              |       |    14 |       ||    14
       Hand axe          |       |    15 |    10 ||    25
Throw: Dart              |       |     3 |       ||     3
 Cast: Summon Small Mamm |    39 |    33 |    16 ||    88
       Call Imp          |    11 |     9 |     4 ||    24
       Call Canine Famil |       |    11 |     4 ||    15
 Abil: Hop               |     1 |     1 |       ||     2
  Use: Scroll            |     3 |     3 |     2 ||     8
 Stab: Sleeping          |     1 |     1 |       ||     2
       Distracted        |       |     2 |       ||     2
Armor: Robe              |     7 |     8 |     3 ||    18
Dodge: Dodged            |    27 |    22 |     2 ||    51
